TOP OF THE 1ST |
Oregon State University Beavers batting - Pitching for University of Georgia Bulldogs : LHP Allan Bodkin
|
Pitching: LHP Allan Bodkin
|
|
Batting: RHB Rafael Ventura
|
0-0: Ground out 4-3 (Groundball, 4, EV 102.5 MPH)
|
Batting: RHB Lionello Pancaldi
|
0-0: Ball 1-0: Swinging Strike 1-1: Called Strike 1-2: Strikes out swinging
|
Batting: RHB Luis Flores
|
0-0: Foul Ball, location: 2F 0-1: Ball 1-1: Ball 2-1: Foul Ball, location: 2F 2-2: Foul Ball, location: 2F 2-2: Foul Ball, location: 2F 2-2: Ball 3-2: SOLO HOME RUN (Flyball, 7D, EV 105.0 MPH), Distance : 403 ft
|
Batting: LHB Jon Hamilton
|
0-0: Called Strike 0-1: Swinging Strike 0-2: Foul Ball, location: 2F 0-2: Foul Ball, location: 2F 0-2: Foul Ball, location: 2F 0-2: Foul Ball, location: 2F 0-2: Foul Ball, location: 2F 0-2: Strikes out looking
|
Top of the 1st over - 1 run, 1 hit, 0 errors, 0 left on base; Oregon State University 1 - University of Georgia 0 |
BOTTOM OF THE 1ST |
University of Georgia Bulldogs batting - Pitching for Oregon State University Beavers : RHP Takao Yamada
|
Pitching: RHP Takao Yamada
|
|
Batting: LHB Alrigo Fiori
|
0-0: Called Strike 0-1: Ball 1-1: Reached on error, E2 (Groundball, 2R, EV 43.8 MPH)
|
Batting: LHB Sloan Rayner
|
0-0: Called Strike 0-1: Ball 1-1: Foul Ball, location: 2F 1-2: Foul Ball, location: 2F 1-2: Foul Ball, location: 2F 1-2: DOUBLE (Line Drive, 78D, EV 107.5 MPH) Alrigo Fiori scores
|
Batting: LHB Milton Yeo
|
0-0: Ball 1-0: Ball 2-0: SINGLE (Groundball, 4MD, EV 100.6 MPH) Sloan Rayner to third
|
Batting: RHB Joe Strong
|
0-0: Ball 1-0: Foul Ball, location: 2F 1-1: Swinging Strike 1-2: Ball 2-2: Ball 3-2: Base on Balls Milton Yeo to second
|
Batting: LHB Cole Sanchez
|
0-0: Called Strike 0-1: Ball 1-1: Ball 2-1: Ball 3-1: Fly out, F2 (Popup, 2L, EV 90.0 MPH)
|
Batting: LHB Luis Mejia
|
0-0: Ball Wild Pitch! Sloan Rayner scores Milton Yeo to third Joe Strong to second 1-0: Called Strike 1-1: Called Strike 1-2: Foul Ball, location: 2F 1-2: Foul Ball, location: 2F 1-2: Foul Ball, location: 2F 1-2: Ball 2-2: Strikes out swinging
|
Batting: RHB Justin Szymczyk
|
0-0: Ball 1-0: Ball 2-0: Ground out U3 (Groundball, 34S, EV 90.6 MPH)
|
Bottom of the 1st over - 2 runs, 2 hits, 1 error, 2 left on base; Oregon State University 1 - University of Georgia 2 |
TOP OF THE 2ND |
Oregon State University Beavers batting - Pitching for University of Georgia Bulldogs : LHP Allan Bodkin
|
Batting: SHB Jim Chute
|
0-0: Ball 1-0: Called Strike 1-1: Reached on error, E5 (Groundball, 5S, EV 71.9 MPH)
|
Batting: RHB Jake Rothenberger
|
0-0: Called Strike 0-1: Ball 1-1: Swinging Strike 1-2: Foul Ball, location: 2F 1-2: Strikes out swinging
|
Batting: SHB Sosaia Apelahama
|
0-0: Called Strike 0-1: Swinging Strike 0-2: Strikes out swinging
|
Batting: RHB Dave Crum
|
0-0: Swinging Strike 0-1: Foul Ball, location: 2F 0-2: Strikes out swinging
|
Top of the 2nd over - 0 runs, 0 hits, 1 error, 1 left on base; Oregon State University 1 - University of Georgia 2 |
BOTTOM OF THE 2ND |
University of Georgia Bulldogs batting - Pitching for Oregon State University Beavers : RHP Takao Yamada
|
Batting: RHB James Warby
|
0-0: Bunt for hit to 15S - play at first, batter OUT! 1-3
|
Batting: LHB Pang Xú
|
0-0: Ball 1-0: Ground out 5-3 (Groundball, 15, EV 90.0 MPH)
|
Batting: LHB Alrigo Fiori
|
0-0: Ball 1-0: Ground out 4-3 (Groundball, 4, EV 100.6 MPH)
|
Bottom of the 2nd over - 0 runs, 0 hits, 0 errors, 0 left on base; Oregon State University 1 - University of Georgia 2 |
TOP OF THE 3RD |
Oregon State University Beavers batting - Pitching for University of Georgia Bulldogs : LHP Allan Bodkin
|
Batting: LHB Jordan Melendez
|
0-0: Ground out 6-3 (Groundball, 6MS, EV 73.1 MPH)
|
Batting: RHB Rafael Ventura
|
0-0: Ball 1-0: Fly out, F8 (Flyball, 78D, EV 83.1 MPH)
|
Batting: RHB Lionello Pancaldi
|
0-0: Ball 1-0: DOUBLE (Flyball, 9D, EV 105.6 MPH)
|
Batting: RHB Luis Flores
|
0-0: Called Strike 0-1: Ball 1-1: Ball 2-1: Ball 3-1: Foul Ball, location: 2F 3-2: Fly out, F7 (Flyball, 7D, EV 96.9 MPH)
|
Top of the 3rd over - 0 runs, 1 hit, 0 errors, 1 left on base; Oregon State University 1 - University of Georgia 2 |
BOTTOM OF THE 3RD |
University of Georgia Bulldogs batting - Pitching for Oregon State University Beavers : RHP Takao Yamada
|
Batting: LHB Sloan Rayner
|
0-0: Ball 1-0: Called Strike 1-1: Called Strike 1-2: Foul Ball, location: 2F 1-2: Ball 2-2: Ground out 1-3 (Groundball, 13, EV 63.8 MPH)
|
Batting: LHB Milton Yeo
|
0-0: Called Strike 0-1: Ball 1-1: DOUBLE (Groundball, 3L, EV 104.4 MPH)
|
Batting: RHB Joe Strong
|
0-0: Ball 1-0: Foul Ball, location: 2F 1-1: Ball 2-1: Foul Ball, location: 2F 2-2: Foul Ball, location: 2F 2-2: Ground out 6-3 (Groundball, 6, EV 101.9 MPH)
|
Batting: LHB Cole Sanchez
|
0-0: Foul Ball, location: 2F 0-1: Ball 1-1: Ball 2-1: Foul Ball, location: 2F 2-2: Strikes out swinging
|
Bottom of the 3rd over - 0 runs, 1 hit, 0 errors, 1 left on base; Oregon State University 1 - University of Georgia 2 |
TOP OF THE 4TH |
Oregon State University Beavers batting - Pitching for University of Georgia Bulldogs : LHP Allan Bodkin
|
Batting: LHB Jon Hamilton
|
0-0: Foul Ball, location: 2F 0-1: Ground out U3 (Groundball, 34S, EV 70.0 MPH)
|
Batting: SHB Jim Chute
|
0-0: Ball 1-0: Foul Ball, location: 2F 1-1: Foul Ball, location: 2F 1-2: Strikes out swinging
|
Batting: RHB Jake Rothenberger
|
0-0: Ball 1-0: Called Strike 1-1: Ball 2-1: Foul Ball, location: 2F 2-2: Foul Ball, location: 2F 2-2: Strikes out looking
|
Top of the 4th over - 0 runs, 0 hits, 0 errors, 0 left on base; Oregon State University 1 - University of Georgia 2 |
BOTTOM OF THE 4TH |
University of Georgia Bulldogs batting - Pitching for Oregon State University Beavers : RHP Takao Yamada
|
Batting: LHB Luis Mejia
|
0-0: Swinging Strike 0-1: Foul Ball, location: 2F 0-2: Foul Ball, location: 2F 0-2: Fly out, F7 (Flyball, 7D, EV 103.8 MPH)
|
Batting: RHB Justin Szymczyk
|
0-0: Swinging Strike 0-1: Ball 1-1: Called Strike 1-2: Foul Ball, location: 2F 1-2: Ball 2-2: Ball 3-2: Base on Balls
|
Batting: RHB James Warby
|
0-0: Called Strike Justin Szymczyk steals 2nd, throwing error, E2 Justin Szymczyk to third 0-1: Fly out, F7 (Flyball, 78M, EV 90.0 MPH) Runner from 3rd tags up, SCORES, throw by LF
|
Batting: LHB Pang Xú
|
0-0: SINGLE (Groundball, 34D, EV 95.6 MPH)
|
Pitching: LHP Yin-reng Deng
|
|
Batting: LHB Alrigo Fiori
|
|
Pinch Hitting: LHB Edwin Zavala
|
0-0: Called Strike 0-1: Ball 1-1: Ball 2-1: Fielders Choice at 2nd, 5-4 (Groundball, 56, EV 93.8 MPH)
|
Bottom of the 4th over - 1 run, 1 hit, 1 error, 1 left on base; Oregon State University 1 - University of Georgia 3 |
TOP OF THE 5TH |
Oregon State University Beavers batting - Pitching for University of Georgia Bulldogs : LHP Allan Bodkin
|
Now at C: Hairama Seiuli
|
|
Now at 1B: Yi-ke Ba
|
|
Now in CF: Salvatore Jaime
|
|
Now in RF: Bryan Ross
|
|
Batting: SHB Sosaia Apelahama
|
0-0: Fly out, F8 (Flyball, 8RD, EV 91.9 MPH)
|
Batting: RHB Dave Crum
|
0-0: Ball 1-0: Called Strike 1-1: Foul Ball, location: 2F 1-2: Ball 2-2: Ball 3-2: Strikes out looking
|
Batting: LHB Jordan Melendez
|
0-0: Ball 1-0: Swinging Strike 1-1: Ball 2-1: Fly out, F8 (Flyball, 8LM, EV 93.8 MPH)
|
Top of the 5th over - 0 runs, 0 hits, 0 errors, 0 left on base; Oregon State University 1 - University of Georgia 3 |
BOTTOM OF THE 5TH |
University of Georgia Bulldogs batting - Pitching for Oregon State University Beavers : LHP Yin-reng Deng
|
Now at 2B: Brock Darby
|
|
Now at 3B: Eric Robertson
|
|
Batting: LHB Bryan Ross
|
0-0: Ball 1-0: Ball 2-0: SINGLE (Groundball, 34D, EV 98.8 MPH)
|
Batting: LHB Andy Dyer
|
0-0: Ball 1-0: Ball 2-0: Ball 3-0: Base on Balls Bryan Ross to second
|
Batting: RHB Yi-ke Ba
|
0-0: Fly out, F9 (Flyball, 89S, EV 94.4 MPH)
|
Batting: RHB Salvatore Jaime
|
0-0: Called Strike Bryan Ross steals 3rd, throwing error, E2 Bryan Ross scores Andy Dyer to third 0-1: Ball 1-1: Called Strike 1-2: Foul Ball, location: 2F 1-2: Foul Ball, location: 2F 1-2: Ball 2-2: Ground out 6-3 (Groundball, 6MS, EV 65.6 MPH)
|
Batting: LHB Luis Mejia
|
0-0: Ball 1-0: Called Strike 1-1: Ball 2-1: Ball 3-1: Called Strike 3-2: Foul Ball, location: 2F 3-2: Foul Ball, location: 2F 3-2: Fly out, F7 (Flyball, 7LSF, EV 91.9 MPH)
|
Bottom of the 5th over - 1 run, 1 hit, 1 error, 1 left on base; Oregon State University 1 - University of Georgia 4 |
TOP OF THE 6TH |
Oregon State University Beavers batting - Pitching for University of Georgia Bulldogs : LHP Allan Bodkin
|
Pitching: LHP Marty Sadler
|
|
Now at 2B: Albert Rodriguez
|
|
Now at 3B: Jeff Wornick
|
|
Pinch Hitting: LHB Pablo Fraga
|
0-0: Ball 1-0: Ball 2-0: Swinging Strike 2-1: Foul Ball, location: 2F 2-2: Ground out 4-3 (Groundball, 4D, EV 81.9 MPH)
|
Pinch Hitting: LHB Soo-yeon Kym
|
0-0: Foul Ball, location: 2F 0-1: Swinging Strike 0-2: Ball 1-2: Foul Ball, location: 2F 1-2: Foul Ball, location: 2F 1-2: Ball 2-2: Strikes out swinging
|
Pinch Hitting: RHB Kyle McCunn
|
0-0: Ball 1-0: Foul Ball, location: 2F 1-1: Reached via error on a dropped throw from SS, E3 (Groundball, 6, EV 87.5 MPH)
|
Pinch Hitting: RHB Freddie Macleod
|
0-0: Ball 1-0: Swinging Strike 1-1: Swinging Strike 1-2: Foul Ball, location: 2F 1-2: Strikes out looking
|
Top of the 6th over - 0 runs, 0 hits, 1 error, 1 left on base; Oregon State University 1 - University of Georgia 4 |
BOTTOM OF THE 6TH |
University of Georgia Bulldogs batting - Pitching for Oregon State University Beavers : LHP Yin-reng Deng
|
Now at C: Israel Soto
|
|
Now at 1B: Kyle McCunn
|
|
Now at 2B: Bai-luo Huo
|
|
Now in LF: Soo-yeon Kym
|
|
Now in CF: Brock Darby
|
|
Now in RF: Pablo Fraga
|
|
Batting: RHB Albert Rodriguez
|
0-0: Foul Ball, location: 2F 0-1: Ball 1-1: Ball 2-1: Foul Ball, location: 2F 2-2: Ball 3-2: Base on Balls
|
Pitching: RHP Chris West
|
|
Pinch Hitting: RHB Eric Wilson
|
0-0: Swinging Strike 0-1: Ball Albert Rodriguez steals 2nd base (no throw) 1-1: Ball 2-1: Foul Ball, location: 2F 2-2: Foul Ball, location: 2F 2-2: Fly out, F6 (Line Drive, 6D, EV 67.5 MPH)
|
Pinch Hitting: LHB Lu-fang Dou
|
0-0: Ball 1-0: Called Strike 1-1: Called Strike 1-2: Ball 2-2: Foul Ball, location: 2F 2-2: Ground out 3-1 (Groundball, 34, EV 84.4 MPH) Albert Rodriguez to third
|
Batting: SHB Hairama Seiuli
|
0-0: Ball 1-0: Fly out, F8 (Flyball, 8RD, EV 85.0 MPH)
|
Bottom of the 6th over - 0 runs, 0 hits, 0 errors, 1 left on base; Oregon State University 1 - University of Georgia 4 |
TOP OF THE 7TH |
Oregon State University Beavers batting - Pitching for University of Georgia Bulldogs : LHP Marty Sadler
|
Pitching: RHP Bill Maher
|
|
Now at SS: Eric Wilson
|
|
Now in LF: Pat Svenson
|
|
Batting: RHB Adam Hibbard
|
0-0: Ball 1-0: Ball 2-0: Ground out 6-3 (Groundball, 6, EV 88.1 MPH)
|
Batting: LHB Brock Darby
|
0-0: Ball 1-0: Called Strike 1-1: Ball 2-1: Ground out 5-3 (Groundball, 56, EV 94.4 MPH)
|
Batting: SHB Sosaia Apelahama
|
0-0: Foul Ball, location: 2F 0-1: Foul Ball, location: 2F 0-2: Strikes out swinging
|
Top of the 7th over - 0 runs, 0 hits, 0 errors, 0 left on base; Oregon State University 1 - University of Georgia 4 |
BOTTOM OF THE 7TH |
University of Georgia Bulldogs batting - Pitching for Oregon State University Beavers : RHP Chris West
|
Pitching: RHP Wang-fen Ang
|
|
Batting: LHB Bryan Ross
|
0-0: Ground out U3 (Groundball, 3, EV 86.9 MPH)
|
Batting: LHB Andy Dyer
|
0-0: Ground out 6-3 (Groundball, 56, EV 113.1 MPH)
|
Batting: RHB Yi-ke Ba
|
0-0: Ball 1-0: Ball 2-0: Called Strike 2-1: Ball 3-1: Foul Ball, location: 2F 3-2: Strikes out looking
|
Bottom of the 7th over - 0 runs, 0 hits, 0 errors, 0 left on base; Oregon State University 1 - University of Georgia 4 |
TOP OF THE 8TH |
Oregon State University Beavers batting - Pitching for University of Georgia Bulldogs : RHP Bill Maher
|
Pitching: RHP Greg Hix
|
|
Batting: RHB Israel Soto
|
0-0: Called Strike 0-1: Ball 1-1: Ball 2-1: Swinging Strike 2-2: Strikes out looking
|
Batting: SHB Eric Robertson
|
0-0: Ground out 4-3 (Groundball, 4, EV 86.2 MPH)
|
Batting: LHB Pablo Fraga
|
0-0: Ball 1-0: Foul Ball, location: 2F 1-1: Ball 2-1: Foul Ball, location: 2F 2-2: Foul Ball, location: 2F 2-2: Fly out, F7 (Flyball, 7S, EV 85.0 MPH)
|
Top of the 8th over - 0 runs, 0 hits, 0 errors, 0 left on base; Oregon State University 1 - University of Georgia 4 |
BOTTOM OF THE 8TH |
University of Georgia Bulldogs batting - Pitching for Oregon State University Beavers : RHP Wang-fen Ang
|
Pitching: RHP Paul Cooke
|
|
Batting: RHB Salvatore Jaime
|
0-0: Called Strike 0-1: Swinging Strike 0-2: Ball 1-2: Strikes out swinging
|
Batting: RHB Jeff Wornick
|
0-0: Called Strike 0-1: Swinging Strike 0-2: Foul Ball, location: 2F 0-2: Strikes out swinging
|
Batting: RHB Albert Rodriguez
|
0-0: Ball 1-0: Foul Ball, location: 2F 1-1: Ground out 6-3 (Groundball, P, EV 80.6 MPH)
|
Bottom of the 8th over - 0 runs, 0 hits, 0 errors, 0 left on base; Oregon State University 1 - University of Georgia 4 |
TOP OF THE 9TH |
Oregon State University Beavers batting - Pitching for University of Georgia Bulldogs : RHP Greg Hix
|
Pitching: RHP Guo Tien
|
|
Pinch Hitting: LHB Jason Trevarrow
|
0-0: Foul Ball, location: 2F 0-1: Swinging Strike 0-2: Strikes out swinging
|
Batting: RHB Kyle McCunn
|
0-0: Ball 1-0: Ball 2-0: Called Strike 2-1: Fly out, F7 (Flyball, 7, EV 83.1 MPH)
|
Pinch Hitting: SHB Manny Zatarain
|
0-0: Called Strike 0-1: Ball 1-1: Called Strike 1-2: Ball 2-2: Strikes out swinging
|
Top of the 9th over - 0 runs, 0 hits, 0 errors, 0 left on base; Oregon State University 1 - University of Georgia 4 |
|